 Dungeon Crawl Stone Soup version 0.29.0-4-gdea44cf6ec (webtiles) character file.

Game seed: 15848710307826016950

164 qw the Chopper (level 5, 0/30 HPs)
             Began as a Tengu Warper on Aug 28, 2022.
             Slain by a giant cockroach (1 damage)
             ... on level 4 of the Dungeon.
             The game lasted 00:00:18 (3391 turns).

qw the Chopper (Tengu Warper)                       Turns: 3391, Time: 00:00:18

Health: 0/30       AC:  1    Str: 13    XL:     5   Next: 45%
Magic:  9/9        EV: 13    Int: 14    God:
Gold:   272        SH:  0    Dex: 13    Spells: 8/8 levels left

rFire   . . .      SeeInvis .   Y - +0 hand axe
rCold   . . .      Faith    .   (no shield)
rNeg    . . .      Spirit   .   j - +0 ring mail
rPois   .          Reflect  .   (helmet restricted)
rElec   .          Harm     .   (no cloak)
rCorr   .          Rampage  .   (no gloves)
Will    .....                   (boots unavailable)
Stlth   +.........              (no amulet)
HPRegen 0.10/turn               (no ring)
MPRegen 0.11/turn               (no ring)

@: about to teleport, corroded, flying quickly and evasively, quick
A: beak, talons 3, nimble flight
a: no special abilities


You were on level 4 of the Dungeon.
You visited 1 branch of the dungeon, and saw 4 of its levels.

You collected 272 gold pieces.


Innate Abilities, Weirdness & Mutations

You have a beak for a mouth.
You have claws for feet.
Your magical nature lets you fly swiftly and evasively.


   Skills:
 - Level 2.0 Fighting
 + Level 6.0 Axes
 - Level 1.0 Throwing
 - Level 1.1 Armour
 - Level 2.1 Dodging
 - Level 2.0 Spellcasting
 - Level 2.4 Translocations


You had 8 spell levels left.
You didn't know any spells.
Your spell library contained the following spells:

 Spells                   Type           Power      Damage    Failure   Level
 Blink                    Tloc           16%        N/A       28%         2
 Gell's Gravitas          Tloc           8%         N/A       50%         3
 Lesser Beckoning         Tloc           8%         N/A       50%         3
 Teleport Other           Tloc           8%         N/A       50%         3
 Manifold Assault         Tloc           8%         N/A       99%         5

Inventory:

Hand Weapons
 l - a +0 flail
 Y - a +0 hand axe (weapon)
Armour
 j - a +0 ring mail (worn)
Scrolls
 a - a scroll of identify
Potions
 c - a potion of haste
 i - a potion of curing
 k - a potion of magic {unknown}

Dungeon Overview and Level Annotations

Branches:
Dungeon (4/15)
 Temple: D:4-7

Altars:
Elyvilon


Message History

The hound misses you. The hound bites you but does no damage.
The hobgoblin hits you.
You hit the hound. You claw the hound. You peck the hound, but do no damage.
The hound is almost dead.
You barely miss the hobgoblin. You closely miss the giant cockroach.
The hound closely misses you. The giant cockroach barely misses you.
The hobgoblin completely misses you.
You miss the hound. Your peck misses the hound.
The hound is almost dead.
You hit the giant cockroach. You hit the hobgoblin.
The hound bites you but does no damage. The giant cockroach barely misses you.
The hound closely misses you.
The hobgoblin hits you but does no damage.
You hit the hound.
You kill the hound!
You hit the giant cockroach but do no damage.
You hit the hobgoblin but do no damage. The giant cockroach barely misses you.
The hobgoblin barely misses you.
Your Axes skill increases to level 6!
You barely miss the hobgoblin. You claw the hobgoblin.
You kill the hobgoblin!
You hit the jelly. The acid corrodes you!
Your hands burn!
You hit the giant cockroach. The giant cockroach bites you.
The jelly barely misses you. The giant cockroach closely misses you.
You closely miss the giant cockroach.
You claw the giant cockroach, but do no damage.
The giant cockroach is severely wounded.
You hit the jelly.
Your hands burn!
The giant cockroach misses you. The jelly misses you.
You hit the giant cockroach but do no damage.
The giant cockroach is severely wounded.
You hit the jelly.
Your hands burn!
The giant cockroach completely misses you.
The jelly hits you.
You are splashed with acid!
3391 ||| READING scroll of teleportation.
As you read the scroll of teleportation, it crumbles to dust.
You feel strangely unstable. The giant cockroach bites you.
You die...

#........#
#........#
#........#
##........#
#.........#
#.......### #
#.......#
###+##..#
#.......####.....#
#..........'@B...#
#.......####%J...#
#####)### #.....#
#.# #........ ###
#.# ###...... ..#
#.# ...... ..# #.#
#####( .. #.# .#
#.#


You could see a jelly and a giant cockroach.

Vanquished Creatures
  2 hounds
  3 adders (D:2)
  A worm (D:3)
  A dart slug (D:1)
  10 orcs
  6 bats
  4 endoplasms
  A giant cockroach (D:3)
  5 goblins
  3 hobgoblins
  2 jackals (D:2)
  2 quokkas
  7 ball pythons
  3 frilled lizards
  6 kobolds
  4 rats
60 creatures vanquished.

Vanquished Creatures (others)
  8 plants (D:3)
8 creatures vanquished.

Grand Total: 68 creatures vanquished

Notes
Turn   | Place    | Note
-------+----------+-------------------------------------------
     0 | D:1      | qw the Tengu Warper began the quest for the Orb.
     0 | D:1      | Reached XP level 1. HP: 12/12 MP: 4/4
     0 | D:1      | 0 ||| qw: Version: 0.1-a-89-g26bdef1
     0 | D:1      | 0 ||| qw: Game counter: 588
     0 | D:1      | 0 ||| qw: Always use a shield: true
     0 | D:1      | 0 ||| qw: God list: Okawaru
     0 | D:1      | 0 ||| qw: Allow faded altars: false
     0 | D:1      | 0 ||| qw: Do Orc after D:15 true
     0 | D:1      | 0 ||| qw: Do second Lair branch before Depths: true
     0 | D:1      | 0 ||| qw: Lair rune preference: random
     0 | D:1      | 0 ||| qw: Plans: Normal
     0 | D:1      | 0 ||| PLANNING D:1-11
   193 | D:1      | 193 ||| Stepping ~*~*~tactically~*~*~ (stealth).
   194 | D:1      | 194 ||| Stepping ~*~*~tactically~*~*~ (stealth).
   195 | D:1      | 195 ||| Stepping ~*~*~tactically~*~*~ (stealth).
   212 | D:1      | 212 ||| Stepping ~*~*~tactically~*~*~ (hiding).
   219 | D:1      | Reached XP level 2. HP: 17/17 MP: 6/6
   317 | D:1      | 317 ||| Stepping ~*~*~tactically~*~*~ (stealth).
   318 | D:1      | 318 ||| Stepping ~*~*~tactically~*~*~ (stealth).
   321 | D:1      | Reached skill level 3 in Axes
   547 | D:1      | Found a faded altar of an unknown god.
   637 | D:1      | 637 ||| DROPPING scarf of invisibility.
   638 | D:1      | 638 ||| READING 3 scrolls labelled CIKHE ZOSI.
   639 | D:1      | 639 ||| READING scroll labelled VUICZU YMAY.
   640 | D:1      | 640 ||| READING scroll labelled HIUHIV VOBOA.
   641 | D:1      | 641 ||| READING scroll labelled UZIOMEMAMM.
   777 | D:1      | 777 ||| READING 2 scrolls of identify.
   777 | D:1      | 777 ||| IDENTIFYING sedimented cyan potion
   778 | D:1      | 778 ||| DROPPING scroll of blinking.
   779 | D:1      | 779 ||| DROPPING potion of attraction.
   793 | D:2      | HP: 4/17 [adder (1)]
  1077 | D:2      | Reached XP level 3. HP: 16/21 MP: 7/7
  1079 | D:2      | Reached skill level 4 in Axes
  1237 | D:2      | 1237 ||| Stepping ~*~*~tactically~*~*~ (stealth).
  1265 | D:2      | 1265 ||| Stepping ~*~*~tactically~*~*~ (stealth).
  1267 | D:2      | 1267 ||| Stepping ~*~*~tactically~*~*~ (stealth).
  1319 | D:2      | 1319 ||| Stepping ~*~*~tactically~*~*~ (stealth).
  1320 | D:2      | 1320 ||| Stepping ~*~*~tactically~*~*~ (stealth).
  1336 | D:2      | 1336 ||| Stepping ~*~*~tactically~*~*~ (stealth).
  1342 | D:2      | 1342 ||| Stepping ~*~*~tactically~*~*~ (stealth).
  1492 | D:2      | 1492 ||| Stepping ~*~*~tactically~*~*~ (stealth).
  1512 | D:2      | Found a white marble altar of Elyvilon.
  1582 | D:2      | You fall into a shaft and drop 2 floors!
  1584 | D:4      | 1584 ||| Stepping ~*~*~tactically~*~*~ (stealth).
  1594 | D:4      | 1594 ||| Stepping ~*~*~tactically~*~*~ (stealth).
  1601 | D:4      | Reached XP level 4. HP: 16/26 MP: 8/8
  1763 | D:4      | 1763 ||| DROPPING +0 club.
  1764 | D:4      | 1764 ||| UPGRADING to +0 ring mail.
  1774 | D:4      | 1774 ||| DROPPING +0 leather armour.
  1775 | D:4      | 1775 ||| READING 2 scrolls labelled YRITIF JIHIH.
  1865 | D:3      | 1865 ||| Stepping ~*~*~tactically~*~*~ (stealth).
  1891 | D:3      | 1891 ||| Stepping ~*~*~tactically~*~*~ (stealth).
  2015 | D:3      | 2015 ||| DRINKING 2 smoky golden potions.
  2120 | D:3      | 2120 ||| DRINKING 2 orange potions.
  2121 | D:3      | 2121 ||| DROPPING potion of berserk rage.
  2364 | D:2      | 2364 ||| READING 2 scrolls of identify.
  2364 | D:2      | 2364 ||| IDENTIFYING fuming puce potion
  2421 | D:3      | 2421 ||| Stepping ~*~*~tactically~*~*~ (stealth).
  2437 | D:3      | Reached skill level 5 in Axes
  2530 | D:3      | 2530 ||| Stepping ~*~*~tactically~*~*~ (stealth).
  2533 | D:3      | 2533 ||| Stepping ~*~*~tactically~*~*~ (stealth).
  2557 | D:3      | Gained mutation: Your magical nature lets you fly swiftly
                  | and evasively. [Tengu growth]
  2557 | D:3      | Reached XP level 5. HP: 20/30 MP: 9/9
  3023 | D:3      | Identified the +2 great mace "Vaasiown" {holy, Dex+6}
  3196 | D:3      | 3196 ||| READING scroll labelled KOTITY SENOD.
  3197 | D:3      | 3197 ||| READING scroll labelled KIAVUF KIENEAR.
  3198 | D:3      | 3198 ||| READING 2 scrolls of identify.
  3198 | D:3      | 3198 ||| IDENTIFYING yellow potion
  3199 | D:3      | 3199 ||| DROPPING potion of degeneration.
  3200 | D:3      | 3200 ||| READING 2 scrolls of teleportation.
  3388 | D:4      | Reached skill level 6 in Axes
  3390 | D:4      | HP: 1/30 [acid (10)]
  3391 | D:4      | 3391 ||| READING scroll of teleportation.
  3391 | D:4      | Slain by a giant cockroach

Levels and vault maps discovered:
D:1:      reono_arrival_forest_river, layout_loops_ring,
          ebering_ecumenical_altar_hall, minmay_fountain_box, minmay_hexomino_u4
D:2:      layout_basic, basic_altar
D:3:      layout_basic, st_stairs_9, chequers_serial_rivers_large_a,
          grunt_decor_one_mirror, grunt_ministairs_2, serial_bayou_ford_a,
          minmay_pentomino_pile
D:4:      layout_basic, minmay_temple_entry_junction_2

Skill      XL: |  1  2  3  4  5 |
---------------+----------------+-----
Axes           | 3 4 5 6 |  6.0
Fighting       | |  2.0
Throwing       | |  1.0
Armour         | |  1.1
Dodging        | |  2.1
Spellcasting   | |  2.0
Translocations | |  2.4

Action                   |  1- 3 |  4- 6 || total
-------------------------+-------+-------++-------
Melee: Hand axe          |    60 |    84 ||   144
       Kick              |    13 |    18 ||    31
       Peck              |    10 |    11 ||    21
Throw: Javelin           |    23 |    12 ||    35
       Boomerang         |     5 |     2 ||     7
  Use: Scroll            |     5 |     7 ||    12
       Potion            |       |     2 ||     2
Armor: Leather armour    |    12 |     1 ||    13
       Ring mail         |       |    21 ||    21
Dodge: Dodged            |    35 |    54 ||    89

Table legend:
 A = Non-vault XP
 B = Vault XP
 C = Vault XP percentage of total XP
 D = Non-vault monster count
 E = Vault monster count
 F = Vault count percentage of total count
                 A         B        C        D         E       F
            +---------+---------+-------+---------+---------+-------
      Total |     170 |      65 |  27.7 |      48 |      12 |  20.0
            +---------+---------+-------+---------+---------+-------
        D:1 |       6 |       8 |  57.1 |       4 |       4 |  50.0
        D:2 |      60 |       0 |   0.0 |      15 |       0 |   0.0
        D:3 |      34 |      57 |  62.6 |      18 |       8 |  30.8
        D:4 |      70 |       0 |   0.0 |      11 |       0 |   0.0
            +---------+---------+-------+---------+---------+-------
